 Dungeon Crawl Stone Soup version 0.31-a0-150-g89dc3ad700 (webtiles) character file.

Game seed: 5617120643693193934

219 qw the Shooter (level 5, -3/46 HPs)
             Began as a Minotaur Hunter on June 8, 2023.
             Slain by a gnoll
             ... wielding a +0 spear
              (5 damage)
             ... on level 2 of the Dungeon.
             The game lasted 00:00:24 (922 turns).

qw the Shooter (Minotaur Hunter)                     Turns: 922, Time: 00:00:25

Health: -3/46      AC:  3    Str: 15    XL:     5   Next: 63%
Magic:  4/4        EV: 12    Int:  6    God:
Gold:   67         SH:  0    Dex: 16    Spells: 4/4 levels left

rFire   . . .        Y - +0 shortbow
rCold   . . .        (shield currently unavailable)
rNeg    . . .        c - +0 leather armour
rPois   .            (helmet restricted)
rElec   .            (no cloak)
rCorr   .            (no gloves)
SInv    .            (no boots)
Will    .....        (no amulet)
Stlth   +            (no ring)
HPRegen 0.27/turn    (no ring)
MPRegen 0.09/turn

%: no passive effects
@: no status effects
A: horns 2, retaliatory headbutt
a: no special abilities


You were on level 2 of the Dungeon.
You visited 1 branch of the dungeon, and saw 2 of its levels.

You collected 67 gold pieces.


Innate Abilities, Weirdness & Mutations

You have a pair of horns on your head.
You reflexively headbutt those who attack you in melee.


   Skills:
 + Level 3.6 Fighting
 - Level 7.2 Ranged Weapons
 - Level 2.1 Dodging
 - Level 0.7 Stealth


You had 4 spell levels left.
You didn't know any spells.
Your spell library was empty.

Inventory:

Hand Weapons
 Y - a +0 shortbow (weapon)
Armour
 c - a +0 leather armour (worn)
 i - the +0 ring mail "Tuoxues" {Will- Regen+ MP+9 Str+2}
   (You found it on level 2 of the Dungeon)

   Str:       It affects your strength (+2).
   MP:        It affects your magic capacity (+9).
   Regen:     It increases your rate of health regeneration.
   Will:      It decreases your willpower.
Scrolls
 a - 3 scrolls of identify
 h - a scroll of teleportation {unknown}
Potions
 b - 2 potions of mutation {unknown}
 d - 2 potions of resistance {unknown}
 e - a potion of degeneration {unknown}
 f - a potion of heal wounds {unknown}
 g - 2 potions of enlightenment {unknown}

Dungeon Overview and Level Annotations

Branches:
Dungeon (2/15)

Altars:

Shops:
D:2 (

Annotations:
D:2 exclusion: gnoll


Message History

The gnoll barely misses you.
You shoot an arrow.
The arrow hits the gnoll but does no damage.
The gnoll hits you from afar with a +0 spear.
You shoot an arrow.
The arrow hits the gnoll but does no damage.
The gnoll closely misses you.
You shoot an arrow. The arrow barely misses the gnoll.
The gnoll hits you from afar with a +0 spear.
The gnoll closely misses you.
Enter note:
Enter note:
Enter note:
Enter note:
Enter note:
Enter note:
Enter note:
Enter note:
Enter note:
Enter note:
Enter note:
917 ||| UPGRADING to +0 ring mail "Tuoxues" {Will- Regen+ MP+9 Str+2}.
The gnoll hits you from afar with a +0 spear.
You stop removing your armour.
918 ||| UPGRADING to +0 ring mail "Tuoxues" {Will- Regen+ MP+9 Str+2}.
The gnoll hits you from afar with a +0 spear.
You stop removing your armour.
919 ||| UPGRADING to +0 ring mail "Tuoxues" {Will- Regen+ MP+9 Str+2}.
The gnoll hits you from afar with a +0 spear.
You stop removing your armour.
920 ||| UPGRADING to +0 ring mail "Tuoxues" {Will- Regen+ MP+9 Str+2}.
The gnoll hits you from afar with a +0 spear!
You stop removing your armour.
921 ||| UPGRADING to +0 ring mail "Tuoxues" {Will- Regen+ MP+9 Str+2}.
The gnoll hits you from afar with a +0 spear.
You stop removing your armour.
922 ||| UPGRADING to +0 ring mail "Tuoxues" {Will- Regen+ MP+9 Str+2}.
The gnoll hits you from afar with a +0 spear.
You stop removing your armour.
You die...

......#.##>............###
....... #..............#
....... #.........###...
.......##...%.....# ####
..................#
.......##.........#
......g.g........##
.....g.##.........#
....... #@........#
....... #.%.......#
.....g. #.........#
....... #.........#
....g.# ##.......## .....#
##.....## #######


You could see a gnoll.

Vanquished Creatures
  Sigmund (D:2)
  3 gnolls
  An adder (D:2)
  A dart slug (D:1)
  3 bats
  An endoplasm (D:2)
  3 goblins
  4 hobgoblins
  3 kobolds
  2 ball pythons (D:1)
  A frilled lizard (D:2)
  A rat (D:2)
24 creatures vanquished.

Notes
Turn   | Place    | Note
-------+----------+-------------------------------------------
     0 | D:1      | qw the Minotaur Hunter began the quest for the Orb.
     0 | D:1      | Reached XP level 1. HP: 18/18 MP: 0/0
     0 | D:1      | 0 ||| qw: Version: 0.2-a-120-gdf1a93b
     0 | D:1      | 0 ||| qw: Game counter: 2955
     0 | D:1      | 0 ||| qw: Always use a shield: true
     0 | D:1      | 0 ||| qw: God list: Okawaru
     0 | D:1      | 0 ||| qw: Allow faded altars: false
     0 | D:1      | 0 ||| qw: Do Orc after D:15 true
     0 | D:1      | 0 ||| qw: Do second Lair branch before Depths: true
     0 | D:1      | 0 ||| qw: Lair rune preference: random
     0 | D:1      | 0 ||| qw: Plans: Normal
     0 | D:1      | 0 ||| PLANNING D:1-11
    44 | D:1      | Found a faded altar of an unknown god.
   185 | D:1      | Reached XP level 2. HP: 25/25 MP: 1/1
   259 | D:1      | Reached skill level 5 in Ranged Weapons
   528 | D:1      | 528 ||| READING 3 scrolls labelled SAONEI FOCVUMUI.
   529 | D:1      | 529 ||| READING scroll labelled LOZAIM NEBE.
   530 | D:1      | 530 ||| READING scroll labelled ABROAFO CEROKE.
   531 | D:1      | 531 ||| DROPPING scroll of butterflies.
   543 | D:2      | Found Huol's Antique Weapon Boutique.
   572 | D:2      | 572 ||| SHOPLISTING jewelled orcbow (229 gold, have 54).
   577 | D:2      | Reached XP level 3. HP: 30/30 MP: 2/2
   675 | D:2      | Noticed Sigmund
   677 | D:2      | Reached skill level 3 in Fighting
   684 | D:2      | Killed Sigmund
   685 | D:2      | Reached skill level 7 in Ranged Weapons
   685 | D:2      | Reached XP level 4. HP: 22/38 MP: 3/3
   685 | D:2      | Reached XP level 5. HP: 27/45 MP: 4/4
   873 | D:2      | Identified the +0 ring mail "Tuoxues" {Will- Regen+ MP+9
                  | Str+2}
   888 | D:2      | 888 ||| Stepping ~*~*~tactically~*~*~ (outnumbered).
   890 | D:2      | 890 ||| Stepping ~*~*~tactically~*~*~ (outnumbered).
   892 | D:2      | 892 ||| Stepping ~*~*~tactically~*~*~ (outnumbered).
   895 | D:2      | 895 ||| Stepping ~*~*~tactically~*~*~ (outnumbered).
   897 | D:2      | 897 ||| Stepping ~*~*~tactically~*~*~ (outnumbered).
   917 | D:2      | 917 ||| UPGRADING to +0 ring mail "Tuoxues" {Will- Regen+
                  | MP+9 Str+2}.
   918 | D:2      | 918 ||| UPGRADING to +0 ring mail "Tuoxues" {Will- Regen+
                  | MP+9 Str+2}.
   919 | D:2      | 919 ||| UPGRADING to +0 ring mail "Tuoxues" {Will- Regen+
                  | MP+9 Str+2}.
   920 | D:2      | 920 ||| UPGRADING to +0 ring mail "Tuoxues" {Will- Regen+
                  | MP+9 Str+2}.
   920 | D:2      | HP: 5/46 [gnoll/+0 spear (7)]
   921 | D:2      | 921 ||| UPGRADING to +0 ring mail "Tuoxues" {Will- Regen+
                  | MP+9 Str+2}.
   921 | D:2      | HP: 2/46 [gnoll/+0 spear (3)]
   922 | D:2      | 922 ||| UPGRADING to +0 ring mail "Tuoxues" {Will- Regen+
                  | MP+9 Str+2}.
   922 | D:2      | Slain by a gnoll

Levels and vault maps discovered:
D:1:      minmay_arrival_four_houses, layout_loops_cross,
          ebering_ecumenical_altar_rust
D:2:      cheibrodos_fertilizer, layout_rooms, serial_shops,
          nicolae_shop_hallway_plus, kennysheep_boxes, uniq_sigmund

Skill      XL: |  1  2  3 |
---------------+----------+-----
Ranged Weapons | 5 7 |  7.2
Fighting       | 3 |  3.6
Dodging        | |  2.1
Stealth        | |  0.7

Action                     |  1- 3 |  4- 6 || total
---------------------------+-------+-------++-------
   Fire: Shortbow          |    42 |    37 ||    79
    Use: Scroll            |     3 |       ||     3
 Armour: Leather armour    |     2 |     2 ||     4
  Dodge: Dodged            |     2 |    15 ||    17

Table legend:
 A = Non-vault XP
 B = Vault XP
 C = Vault XP percentage of total XP
 D = Non-vault monster count
 E = Vault monster count
 F = Vault count percentage of total count
                 A         B        C        D         E       F
            +---------+---------+-------+---------+---------+-------
      Total |      90 |     223 |  71.2 |      23 |       1 |   4.2
            +---------+---------+-------+---------+---------+-------
        D:1 |      34 |       0 |   0.0 |      11 |       0 |   0.0
        D:2 |      56 |     223 |  79.9 |      12 |       1 |   7.7
            +---------+---------+-------+---------+---------+-------
